| TOP OF THE 1ST |
|
New York Yankees batting - Pitching for Toronto Blue Jays : LHP Thomas Linnert
|
|
Pitching: LHP Thomas Linnert
|
|
|
Batting: LHB Wade Boggs
|
0-0: Called Strike 0-1: Ball 1-1: Ball 2-1: Fly out, F6 (Line Drive, 6, EV 71.9 MPH)
|
|
Batting: SHB Willie Wilson
|
0-0: Ball 1-0: Ball 2-0: Swinging Strike 2-1: Swinging Strike 2-2: Foul Ball, location: 2F 2-2: Ground out 6-3 (Groundball, 6, EV 80.0 MPH)
|
|
Batting: LHB Kent Hrbek
|
0-0: Swinging Strike 0-1: Fly out, F4 (Flyball, 4MD, EV 85.6 MPH)
|
| Top of the 1st over - 0 runs, 0 hits, 0 errors, 0 left on base; New York 0 - Toronto 0 |
| BOTTOM OF THE 1ST |
|
Toronto Blue Jays batting - Pitching for New York Yankees : RHP Blake Green
|
|
Pitching: RHP Blake Green
|
|
|
Batting: SHB Harold Reynolds
|
0-0: Ball 1-0: Ball 2-0: Called Strike 2-1: Ball 3-1: Base on Balls
|
|
Batting: LHB Eddie Milner
|
Balk! Harold Reynolds to second 0-0: Called Strike 0-1: DOUBLE (Line Drive, 89D, EV 107.5 MPH) Harold Reynolds scores
|
|
Batting: LHB Chad Daley
|
0-0: Ball Eddie Milner steals 3rd, throwing error, E2 Eddie Milner scores 1-0: Ball 2-0: Ball 3-0: Called Strike 3-1: Base on Balls
|
|
Batting: RHB Andres Galarraga
|
0-0: Called Strike 0-1: SINGLE (Groundball, 6MD, EV 111.3 MPH) Chad Daley to second Runner from 2nd tries for 3rd, SAFE, no throw by CF
|
|
Batting: RHB Jose Gonzalez
|
0-0: Foul Ball, location: 2F 0-1: Foul Ball, location: 2F 0-2: Foul Ball, location: 2F 0-2: Ball 1-2: Fly out, F3 (Popup, 3S, EV 85.6 MPH)
|
|
Batting: LHB Steve Stroughter
|
0-0: Ball 1-0: Ball 2-0: Reached on error, E2 (Groundball, 15S, EV 72.5 MPH) Chad Daley scores Andres Galarraga to third
|
|
Batting: RHB Amos Otis
|
0-0: Ball 1-0: Ball 2-0: Ball 3-0: Called Strike 3-1: Base on Balls
|
|
Batting: RHB Cal Ripken
|
0-0: Called Strike 0-1: Swinging Strike 0-2: Strikes out swinging
|
|
Batting: RHB Jose Carrillo
|
0-0: Ball 1-0: Called Strike 1-1: Ball 2-1: Swinging Strike 2-2: Fly out, F7 (Flyball, 7, EV 91.3 MPH)
|
| Bottom of the 1st over - 3 runs, 2 hits, 2 errors, 3 left on base; New York 0 - Toronto 3 |
| TOP OF THE 2ND |
|
New York Yankees batting - Pitching for Toronto Blue Jays : LHP Thomas Linnert
|
|
Batting: LHB George Kaage
|
0-0: Called Strike 0-1: Swinging Strike 0-2: Strikes out swinging
|
|
Batting: RHB Pedro Guerrero
|
0-0: Ball 1-0: Foul Ball, location: 2F 1-1: Fly out, F8 (Flyball, 8RXD, EV 105.0 MPH)
|
|
Batting: SHB Tim Raines
|
0-0: Foul Ball, location: 2F 0-1: Called Strike 0-2: Ball 1-2: Fly out, F9 (Flyball, 89M, EV 88.8 MPH)
|
| Top of the 2nd over - 0 runs, 0 hits, 0 errors, 0 left on base; New York 0 - Toronto 3 |
| BOTTOM OF THE 2ND |
|
Toronto Blue Jays batting - Pitching for New York Yankees : RHP Blake Green
|
|
Batting: SHB Harold Reynolds
|
0-0: Ball 1-0: Called Strike 1-1: Ground out 6-3 (Groundball, 6M, EV 106.9 MPH)
|
|
Batting: LHB Eddie Milner
|
0-0: Ground out 4-3 (Groundball, 4S, EV 87.5 MPH)
|
|
Batting: LHB Chad Daley
|
0-0: Ground out 4-3 (Groundball, 4D, EV 88.1 MPH)
|
| Bottom of the 2nd over - 0 runs, 0 hits, 0 errors, 0 left on base; New York 0 - Toronto 3 |
| TOP OF THE 3RD |
|
New York Yankees batting - Pitching for Toronto Blue Jays : LHP Thomas Linnert
|
|
Batting: RHB Rod Allen
|
0-0: Ball 1-0: SINGLE (Line Drive, 89S, EV 96.9 MPH)
|
|
Batting: LHB Denny Porter
|
0-0: Ball 1-0: Foul Ball, location: 2F 1-1: Ball 2-1: Foul Ball, location: 2F 2-2: Strikes out swinging
|
|
Batting: RHB Emanuel Cortez
|
0-0: Called Strike 0-1: Fly out, F6 (Flyball, 6D, EV 91.3 MPH)
|
|
Batting: LHB Wade Boggs
|
0-0: Ball 1-0: Swinging Strike 1-1: Ball 2-1: Ball 3-1: Foul Ball, location: 2F 3-2: Strikes out swinging
|
| Top of the 3rd over - 0 runs, 1 hit, 0 errors, 1 left on base; New York 0 - Toronto 3 |
| BOTTOM OF THE 3RD |
|
Toronto Blue Jays batting - Pitching for New York Yankees : RHP Blake Green
|
|
Batting: RHB Andres Galarraga
|
0-0: Called Strike 0-1: Ball 1-1: Foul Ball, location: 2F 1-2: Fly out, F8 (Flyball, 8RM, EV 71.9 MPH)
|
|
Batting: RHB Jose Gonzalez
|
0-0: Called Strike 0-1: Ball 1-1: Reached on error, E5 (Groundball, 56, EV 109.4 MPH)
|
|
Batting: LHB Steve Stroughter
|
0-0: Fielders Choice at 2nd, 5-4 (Groundball, 56S, EV 81.9 MPH)
|
|
Batting: RHB Amos Otis
|
0-0: Ball 1-0: Called Strike 1-1: DOUBLE (Flyball, 89XD, EV 109.4 MPH) Steve Stroughter to third Runner from 3rd tries for Home, SAFE, throw by CF to trailing runner, OUT at third! 8-3-5
|
| Bottom of the 3rd over - 1 run, 1 hit, 1 error, 0 left on base; New York 0 - Toronto 4 |
| TOP OF THE 4TH |
|
New York Yankees batting - Pitching for Toronto Blue Jays : LHP Thomas Linnert
|
|
Batting: SHB Willie Wilson
|
0-0: Fly out, F4 (Popup, 13, EV 77.5 MPH)
|
|
Batting: LHB Kent Hrbek
|
0-0: Foul Ball, location: 2F 0-1: Foul Ball, location: 2F 0-2: Foul Ball, location: 2F 0-2: Ball 1-2: Foul Ball, location: 2F 1-2: SINGLE (Groundball, P, EV 87.5 MPH) (infield hit)
|
|
Batting: LHB George Kaage
|
0-0: Foul Ball, location: 2F 0-1: Ball 1-1: Fly out, F8 (Flyball, 89M, EV 76.3 MPH)
|
|
Batting: RHB Pedro Guerrero
|
0-0: Called Strike 0-1: Foul Ball, location: 2F 0-2: Ball 1-2: Foul Ball, location: 2F 1-2: Strikes out swinging
|
| Top of the 4th over - 0 runs, 1 hit, 0 errors, 1 left on base; New York 0 - Toronto 4 |
| BOTTOM OF THE 4TH |
|
Toronto Blue Jays batting - Pitching for New York Yankees : RHP Blake Green
|
|
Batting: RHB Cal Ripken
|
0-0: Called Strike 0-1: SINGLE (Line Drive, 89S, EV 96.9 MPH)
|
|
Batting: RHB Jose Carrillo
|
0-0: SINGLE (Line Drive, 6MD, EV 103.8 MPH) Cal Ripken to second
|
|
Batting: SHB Harold Reynolds
|
0-0: Swinging Strike 0-1: Ball 1-1: Ball 2-1: Called Strike 2-2: Ball 3-2: Base on Balls Cal Ripken to third Jose Carrillo to second
|
|
Batting: LHB Eddie Milner
|
0-0: Called Strike 0-1: Ball 1-1: Fly out, F8 (Flyball, 78D, EV 92.5 MPH) Runner from 3rd tags up, SCORES, throw by CF Jose Carrillo to third
|
|
Batting: LHB Chad Daley
|
0-0: Called Strike 0-1: Ball 1-1: Ball 2-1: Ball 3-1: Foul Ball, location: 2F 3-2: Base on Balls Harold Reynolds to second
|
|
Batting: RHB Andres Galarraga
|
0-0: Ball 1-0: Foul Ball, location: 2F 1-1: Foul Ball, location: 2F 1-2: Strikes out swinging
|
|
Batting: RHB Jose Gonzalez
|
0-0: Ball 1-0: Called Strike 1-1: Ground out 6-3 (Groundball, 4MS, EV 88.1 MPH)
|
| Bottom of the 4th over - 1 run, 2 hits, 0 errors, 3 left on base; New York 0 - Toronto 5 |
| TOP OF THE 5TH |
|
New York Yankees batting - Pitching for Toronto Blue Jays : LHP Thomas Linnert
|
|
Batting: SHB Tim Raines
|
0-0: Ball 1-0: DOUBLE (Line Drive, 78D, EV 103.1 MPH)
|
|
Batting: RHB Rod Allen
|
0-0: Ball 1-0: Foul Ball, location: 2F 1-1: Ball Tim Raines steals 3rd base 2-1: Foul Ball, location: 2F 2-2: Strikes out swinging
|
|
Batting: LHB Denny Porter
|
0-0: Foul Ball, location: 2F 0-1: Ball Steal of home, Tim Raines is out 1-1: Foul Ball, location: 2F 1-2: Ball 2-2: Strikes out swinging
|
| Top of the 5th over - 0 runs, 1 hit, 0 errors, 0 left on base; New York 0 - Toronto 5 |
| BOTTOM OF THE 5TH |
|
Toronto Blue Jays batting - Pitching for New York Yankees : RHP Blake Green
|
|
Batting: LHB Steve Stroughter
|
0-0: Called Strike 0-1: SINGLE (Flyball, 6MD, EV 89.4 MPH)
|
|
Batting: RHB Amos Otis
|
0-0: Ball 1-0: Swinging Strike 1-1: Swinging Strike 1-2: Ball 2-2: Ball 3-2: Base on Balls Steve Stroughter to second
|
|
Batting: RHB Cal Ripken
|
0-0: Swinging Strike 0-1: Ball 1-1: Grounds into double play, 6-4-3 (Groundball, 56D, EV 101.9 MPH) Steve Stroughter to third
|
|
Batting: RHB Jose Carrillo
|
0-0: Ground out 6-3 (Groundball, 6M, EV 83.1 MPH)
|
| Bottom of the 5th over - 0 runs, 1 hit, 0 errors, 1 left on base; New York 0 - Toronto 5 |
| TOP OF THE 6TH |
|
New York Yankees batting - Pitching for Toronto Blue Jays : LHP Thomas Linnert
|
|
Batting: RHB Emanuel Cortez
|
0-0: Ball 1-0: Ball 2-0: Called Strike 2-1: Foul Ball, location: 2F 2-2: Ball 3-2: Foul Ball, location: 2F 3-2: Foul Ball, location: 2F 3-2: Base on Balls
|
|
Batting: LHB Wade Boggs
|
0-0: Ball 1-0: Ball 2-0: Ball 3-0: Called Strike 3-1: Base on Balls Emanuel Cortez to second
|
|
Batting: SHB Willie Wilson
|
0-0: Called Strike 0-1: Fielders Choice at 2nd, 5-4 (Groundball, 5S, EV 88.1 MPH) Emanuel Cortez to third
|
|
Batting: LHB Kent Hrbek
|
0-0: Ball Wild Pitch! Emanuel Cortez scores Willie Wilson to second 1-0: Ball 2-0: Swinging Strike 2-1: Called Strike 2-2: Ball 3-2: Foul Ball, location: 2F 3-2: Strikes out swinging
|
|
Batting: LHB George Kaage
|
0-0: Called Strike 0-1: Swinging Strike 0-2: Foul Ball, location: 2F 0-2: Foul Ball, location: 2F 0-2: Ball 1-2: Ground out 6-3 (Groundball, 6M, EV 83.8 MPH)
|
| Top of the 6th over - 1 run, 0 hits, 0 errors, 1 left on base; New York 1 - Toronto 5 |
| BOTTOM OF THE 6TH |
|
Toronto Blue Jays batting - Pitching for New York Yankees : RHP Blake Green
|
|
Batting: SHB Harold Reynolds
|
0-0: Called Strike 0-1: Ball 1-1: Called Strike 1-2: Ball 2-2: Foul Ball, location: 2F 2-2: Strikes out swinging
|
|
Batting: LHB Eddie Milner
|
0-0: Ball 1-0: Called Strike 1-1: Foul Ball, location: 2F 1-2: Strikes out swinging
|
|
Batting: LHB Chad Daley
|
0-0: Ball 1-0: Ball 2-0: Ball 3-0: Called Strike 3-1: SINGLE (Line Drive, 9S, EV 93.1 MPH)
|
|
Batting: RHB Andres Galarraga
|
0-0: Fly out, F7 (Flyball, 7LS, EV 88.1 MPH)
|
| Bottom of the 6th over - 0 runs, 1 hit, 0 errors, 1 left on base; New York 1 - Toronto 5 |
| TOP OF THE 7TH |
|
New York Yankees batting - Pitching for Toronto Blue Jays : LHP Thomas Linnert
|
|
Batting: RHB Pedro Guerrero
|
0-0: Ball 1-0: Ball 2-0: SINGLE (Line Drive, 89S, EV 90.6 MPH)
|
|
Batting: SHB Tim Raines
|
0-0: Ball 1-0: Ball 2-0: Ball 3-0: Called Strike 3-1: Grounds into double play, 6-4-3 (Groundball, 6, EV 103.8 MPH)
|
|
Batting: RHB Rod Allen
|
0-0: Called Strike 0-1: Fly out, F8 (Flyball, 8RD, EV 85.0 MPH)
|
| Top of the 7th over - 0 runs, 1 hit, 0 errors, 0 left on base; New York 1 - Toronto 5 |
| BOTTOM OF THE 7TH |
|
Toronto Blue Jays batting - Pitching for New York Yankees : RHP Blake Green
|
|
Batting: RHB Jose Gonzalez
|
0-0: Ball 1-0: Ball 2-0: Called Strike 2-1: Ball 3-1: Ground out 6-3 (Groundball, 56, EV 103.8 MPH)
|
|
Batting: LHB Steve Stroughter
|
0-0: Called Strike 0-1: DOUBLE (Line Drive, 7LS, EV 96.9 MPH)
|
|
Batting: RHB Amos Otis
|
0-0: Fly out, F9 (Line Drive, 9, EV 96.9 MPH)
|
|
Batting: RHB Cal Ripken
|
0-0: Intentional Walk
|
|
Batting: RHB Jose Carrillo
|
0-0: Ball 1-0: Ball 2-0: Ball 3-0: Base on Balls Steve Stroughter to third Cal Ripken to second
|
|
Batting: SHB Harold Reynolds
|
0-0: Ball 1-0: Ball 2-0: Called Strike 2-1: Foul Ball, location: 2F 2-2: Ball 3-2: Fly out, F9 (Flyball, 9LS, EV 83.8 MPH)
|
| Bottom of the 7th over - 0 runs, 1 hit, 0 errors, 3 left on base; New York 1 - Toronto 5 |
| TOP OF THE 8TH |
|
New York Yankees batting - Pitching for Toronto Blue Jays : LHP Thomas Linnert
|
|
Pitching: RHP Burt Nordstrom
|
|
|
Batting: LHB Denny Porter
|
0-0: Ball 1-0: Ball 2-0: Called Strike 2-1: Ball 3-1: Base on Balls
|
|
Batting: RHB Emanuel Cortez
|
0-0: Ball 1-0: Foul Ball, location: 2F 1-1: Foul Ball, location: 2F 1-2: Strikes out swinging
|
|
Batting: LHB Wade Boggs
|
0-0: Fly out, F7 (Flyball, 78D, EV 93.8 MPH)
|
|
Batting: SHB Willie Wilson
|
0-0: Ball 1-0: SINGLE (Flyball, 56D, EV 93.1 MPH) Denny Porter to second
|
|
Batting: LHB Kent Hrbek
|
0-0: Called Strike 0-1: Ball 1-1: Fielders Choice at 2nd, 5-4 (Groundball, 56, EV 85.6 MPH)
|
| Top of the 8th over - 0 runs, 1 hit, 0 errors, 2 left on base; New York 1 - Toronto 5 |
| BOTTOM OF THE 8TH |
|
Toronto Blue Jays batting - Pitching for New York Yankees : RHP Blake Green
|
|
Pitching: LHP Jose Paz
|
|
|
Batting: LHB Eddie Milner
|
0-0: Ball 1-0: Foul Ball, location: 2F 1-1: Foul Ball, location: 2F 1-2: Foul Ball, location: 2F 1-2: Ball 2-2: Strikes out looking
|
|
Batting: LHB Chad Daley
|
0-0: Called Strike 0-1: Foul Ball, location: 2F 0-2: Foul Ball, location: 2F 0-2: Strikes out swinging
|
|
Batting: RHB Andres Galarraga
|
0-0: Called Strike 0-1: Called Strike 0-2: SINGLE (Groundball, 4D, EV 98.8 MPH)
|
|
Batting: RHB Jose Gonzalez
|
0-0: Fly out, F8 (Flyball, 8LD, EV 101.9 MPH)
|
| Bottom of the 8th over - 0 runs, 1 hit, 0 errors, 1 left on base; New York 1 - Toronto 5 |
| TOP OF THE 9TH |
|
New York Yankees batting - Pitching for Toronto Blue Jays : RHP Burt Nordstrom
|
|
Batting: LHB George Kaage
|
0-0: Ball 1-0: Swinging Strike 1-1: Called Strike 1-2: Strikes out swinging
|
|
Batting: RHB Pedro Guerrero
|
0-0: Ground out 5-3 (Groundball, 56, EV 85.0 MPH)
|
|
Batting: SHB Tim Raines
|
0-0: Called Strike 0-1: Ball 1-1: Ball 2-1: Ground out 6-3 (Groundball, 6, EV 99.4 MPH)
|
| Top of the 9th over - 0 runs, 0 hits, 0 errors, 0 left on base; New York 1 - Toronto 5 |
|